Map: Galactic Process LE

Players

IIIIIIIIIIII

  • Race: Terran Terran
  • League: Master

NORTHAMERICA - Winner!

  • Race: Protoss Protoss
  • League: Master

VOD

Have the link to the VOD?

Description

Time

  • Played on: Aug. 12, 2016, 2:22 a.m.
  • Length: 14:44
Show
View Real Time Build Order
Export as new Build Order

IIIIIIIIIIII Terran 

Build Orders: Reaper Expand, MMM Bio 

Get SALT Encoding   

  12  0:00  SCV  
  13  0:13  SCV  
  14  0:17  Supply Depot  
  14  0:25  SCV  
  15  0:39  SCV  
  15  0:41  Barracks  
  16  0:45  Refinery  
  16  0:51  SCV  
  17  1:03  SCV  
  18  1:15  SCV  
  19  1:29  Orbital Command  
  19  1:30  Reaper  
  20  1:42  Command Center  
  20  1:50  Supply Depot  
  20  1:55  SCV  
  21  2:05  Barracks Reactor  
  21  2:08  Barracks  
  21  2:14  SCV  
  22  2:25  Factory  
  22  2:27  SCV  
  23  2:30  Refinery  
  23  2:39  SCV  
  23  2:42  Marine x2  
  26  2:53  SCV  
  26  2:57  Orbital Command  
  26  2:59  Barracks Tech Lab  
  26  3:00  Marine x2  
  28  3:11  Starport, Supply Depot  
  28  3:13  Widow Mine  
  28  3:16  SCV  
  28  3:18  Marine  
  32  3:21  Marine  
  32  3:24  Marine  
  34  3:28  SCV  
  34  3:30  SCV  
  36  3:36  Marine  
  36  3:40  SCV  
  38  3:41  Marine  
  38  3:42  SCV  
  38  3:45  Widow Mine  
  38  3:46  Marine  
  43  3:53  SCV  
  43  3:54  SCV  
  43  3:55  Medivac  
  47  3:58  Stimpack  
  47  4:05  Marine, SCV  
  47  4:06  Marine  
  47  4:07  Marine  
  52  4:10  Supply Depot  
  52  4:15  Widow Mine  
  54  4:19  SCV  
  54  4:20  Engineering Bay  
  54  4:28  SCV  
  54  4:31  Marine x3, Medivac  
  54  4:32  SCV  
  58  4:40  SCV  
  56  4:45  Widow Mine  
  56  4:50  Marine x3  
  56  4:51  Refinery, Barracks, SCV  
  59  4:56  Terran Infantry Weapons Level 1  
  59  4:59  Supply Depot  
  59  5:08  Marine x3  
  59  5:16  Medivac, Widow Mine  
  59  5:21  Refinery, SCV x2  
  64  5:28  Barracks  
  64  5:29  Marine x2, Barracks  
  64  5:33  SCV x2  
  64  5:35  Supply Depot  
  67  5:43  Marine x2  
  69  5:52  Marine x2  
  69  5:53  Factory Reactor  
  69  5:54  Medivac  
  70  6:01  SCV x2  
  72  6:08  Barracks Tech Lab  
  72  6:10  Combat Shields  
  67  6:13  SCV  
  67  6:14  Command Center  
  67  6:17  Marauder, Marine  
  71  6:24  Barracks Tech Lab x2  
  71  6:26  Marine x2  
  71  6:27  SCV  
  71  6:29  SCV  
  73  6:39  Marauder, SCV  
  76  6:41  SCV  
  76  6:44  Factory Reactor  
  77  6:47  Marine  
  77  6:50  Terran Infantry Armor Level 1  
  78  6:56  Marauder, Marine x2  
  78  6:57  Marauder  
  78  7:00  Medivac x2  
  78  7:02  Supply Depot  
  78  7:06  Supply Depot  
  78  7:08  Supply Depot  
  78  7:20  Liberator, Supply Depot  
  78  7:23  Liberator  
  78  7:24  Marine x2, SCV x2  
  78  7:27  Marauder  
  78  7:28  Marauder x2  
  78  7:29  Orbital Command  
  87  7:35  Widow Mine x2  
  91  7:41  Marine  
  91  7:43  Concussive Shells  
  98  7:45  SCV x2  
  98  7:46  Marine  
  101  7:54  Marauder  
  101  7:57  SCV  
  104  7:59  Engineering Bay  
  104  8:03  Armory  
  106  8:06  Marauder x2  
  106  8:07  SCV x2  
  106  8:10  Marauder, Widow Mine  
  114  8:13  Widow Mine  
  114  8:14  Marine x2  
  114  8:15  Marine  
  119  8:21  Refinery  
  119  8:23  Refinery  
  119  8:26  Marine  
  120  8:29  Marauder  
  120  8:31  Marine  
  120  8:33  Marine  
  120  8:34  Marine  
  125  8:48  Supply Depot x2  
  125  8:50  Supply Depot x2, Marine x2, Medivac x2  
  125  8:51  Marauder  
  125  8:52  Missile Turret  
  125  8:54  Marine x2  
  125  8:55  Missile Turret  
  126  8:59  Marauder, Widow Mine  
  127  9:06  Widow Mine  
  127  9:07  SCV x2  
  127  9:08  Marine  
  130  9:11  Terran Infantry Weapons Level 2, Marine  
  130  9:12  Missile Turret, Marine  
  130  9:14  Terran Infantry Armor Level 2  
  131  9:24  Marine  
  131  9:25  Marauder  
  131  9:30  Marine  
  131  9:31  Marauder x2, Medivac x2  
  139  9:34  Marauder  
  145  9:42  Marine  
  145  9:47  Marauder, Widow Mine x2  
  145  9:52  Marauder  
  153  9:57  Marauder, Marine x2  
  155  10:02  Marine  
  152  10:08  Marauder  
  152  10:09  Medivac x2  
  152  10:13  Marauder, Barracks  
  158  10:14  Marine, Barracks  
  158  10:15  Marine  
  160  10:25  Marine  
  160  10:26  Marauder  
  163  10:30  Marauder  
  163  10:32  Marine  
  163  10:33  Marauder  
  163  10:34  Marine  
  141  10:43  Marine  
  141  10:47  Marauder  
  144  10:50  Marine  
  144  10:51  Marauder  
  144  10:52  Marine  
  144  10:54  Marauder  
  148  11:01  Marine  
  149  11:07  Barracks Reactor, Barracks Tech Lab  
  149  11:08  Marine  
  149  11:09  Marauder  
  149  11:10  Marine  
  149  11:11  Widow Mine  
  153  11:12  Marine  
  153  11:15  Marine  
  150  11:19  Marine  
  149  11:26  Marine, Command Center  
  149  11:28  Marauder  
  149  11:29  Marine  
  149  11:30  Marine  
  149  11:32  Marauder  
  154  11:33  Marine  
  154  11:37  Marine  
  156  11:44  Marine  
  156  11:45  Marine  
  156  11:48  Marauder x2, Marine, Widow Mine  
  156  11:49  Marauder  
  156  11:51  Marine  
  156  11:53  Marauder  
  140  11:54  Marine  
  127  12:03  Marine  
  127  12:04  Marine  
  127  12:05  Marine  
  130  12:09  Marauder x2, Marine  
  135  12:17  Marine x2  
  135  12:18  Marauder  
  135  12:21  Marine  
  135  12:22  Marine  
  140  12:25  Marine  
  140  12:27  Marauder  
  143  12:30  Marine  
  143  12:33  Marauder  
  143  12:35  Marine x2  
  142  12:39  Marauder  
  142  12:40  Marine x2, Widow Mine x2  
  150  12:53  Marauder  
  150  12:54  Marine  
  150  12:55  Marauder, Marine  
  150  12:58  Marauder, Marine x3  
  141  13:03  Marauder  
  142  13:12  Marine x2  
  141  13:14  Marauder  
  141  13:15  Marine  
  141  13:16  Marine  
  141  13:19  Marauder, Marine  
  145  13:20  Marine  
  145  13:24  Marine  
  144  13:30  Marine x2  
  144  13:34  Marauder, Marine  
  143  13:35  Marauder  
  143  13:36  Marine  
  143  13:38  Marauder  
  131  13:48  Marauder x2  
  129  14:00  Marine x4  
  106  14:16  Marine x3  
  108  14:20  Marine  
  110  14:29  Missile Turret  
Show
View Real Time Build Order
Export as new Build Order

NORTHAMERICA Protoss - Winner!

Build Orders: 1 Gate Expand, Blink Stalkers 

Get SALT Encoding   

  12  0:01  Probe (Chrono Boost)  
  13  0:11  Probe (Chrono Boost)  
  14  0:18  Pylon  
  14  0:22  Probe (Chrono Boost)  
  15  0:36  Probe (Chrono Boost)  
  15  0:38  Gateway  
  16  0:47  Probe (Chrono Boost)  
  16  0:48  Assimilator  
  17  0:57  Probe (Chrono Boost)  
  18  1:08  Probe (Chrono Boost)  
  19  1:19  Nexus  
  19  1:23  Probe (Chrono Boost)  
  20  1:33  Cybernetics Core  
  20  1:36  Probe (Chrono Boost)  
  21  1:45  Assimilator  
  22  1:47  Probe (Chrono Boost)  
  22  1:57  Probe (Chrono Boost)  
  22  1:59  Pylon  
  23  2:10  Probe (Chrono Boost)  
  23  2:17  Adept  
  23  2:19  Warp Gate  
  23  2:21  Mothership Core (Chrono Boost)  
  27  2:32  Probe (Chrono Boost)  
  28  2:39  Probe (Chrono Boost)  
  28  2:42  Probe (Chrono Boost)  
  30  2:50  Probe (Chrono Boost)  
  30  2:53  Probe (Chrono Boost)  
  31  2:59  Twilight Council  
  31  3:00  Probe (Chrono Boost)  
  31  3:03  Probe (Chrono Boost)  
  33  3:11  Probe (Chrono Boost)  
  34  3:13  Gateway  
  34  3:14  Gateway, Probe (Chrono Boost)  
  35  3:21  Probe (Chrono Boost)  
  35  3:24  Probe (Chrono Boost)  
  37  3:30  Robotics Facility  
  37  3:31  Blink  
  37  3:32  Probe (Chrono Boost)  
  38  3:35  Probe (Chrono Boost)  
  39  3:43  Probe (Chrono Boost)  
  39  3:45  Probe (Chrono Boost)  
  41  3:51  Pylon  
  41  3:53  Probe (Chrono Boost)  
  42  3:56  Probe (Chrono Boost)  
  43  4:04  Probe (Chrono Boost)  
  43  4:06  Probe (Chrono Boost)  
  45  4:10  Assimilator  
  45  4:11  Pylon  
  45  4:15  Probe (Chrono Boost), Observer  
  46  4:18  Probe (Chrono Boost)  
  46  4:23  Stalker x3  
  55  4:31  Probe (Chrono Boost)  
  53  4:38  Observer  
  53  4:42  Probe (Chrono Boost)  
  53  4:45  Forge  
  53  4:46  Stalker  
  53  4:47  Stalker x2  
  53  4:49  Pylon  
  53  4:50  Probe (Chrono Boost)  
  61  4:54  Probe (Chrono Boost)  
  61  5:01  Nexus  
  61  5:03  Probe (Chrono Boost), Observer  
  62  5:09  Probe (Chrono Boost)  
  63  5:19  Protoss Ground Weapons Level 1, Probe (Chrono Boost)  
  64  5:24  Gateway  
  64  5:25  Gateway, Probe (Chrono Boost)  
  64  5:28  Pylon  
  65  5:31  Robotics Bay  
  65  5:32  Probe (Chrono Boost)  
  66  5:41  Stalker  
  67  5:45  Adept x2  
  66  5:55  Probe (Chrono Boost)  
  65  5:59  Probe (Chrono Boost)  
  65  6:02  Assimilator  
  66  6:06  Immortal  
  66  6:10  Probe (Chrono Boost)  
  67  6:11  Photon Cannon  
  69  6:19  Probe (Chrono Boost)  
  69  6:21  Probe (Chrono Boost)  
  69  6:22  Probe (Chrono Boost)  
  72  6:25  Photon Cannon  
  72  6:30  Probe (Chrono Boost)  
  74  6:33  Probe (Chrono Boost)  
  74  6:34  Zealot, Probe (Chrono Boost)  
  74  6:35  Zealot  
  79  6:40  Zealot, Probe (Chrono Boost)  
  79  6:41  Disruptor  
  79  6:45  Probe (Chrono Boost)  
  79  6:46  Probe (Chrono Boost)  
  71  7:03  Probe (Chrono Boost)  
  71  7:04  Adept x3  
  79  7:09  Probe x2 (Chrono Boost)  
  79  7:12  Protoss Ground Armor Level 1  
  79  7:15  Probe (Chrono Boost)  
  81  7:21  Probe (Chrono Boost)  
  82  7:24  Probe (Chrono Boost)  
  82  7:25  Disruptor  
  82  7:27  Probe (Chrono Boost)  
  82  7:33  Probe (Chrono Boost)  
  87  7:37  Pylon, Probe (Chrono Boost)  
  87  7:39  Probe (Chrono Boost)  
  89  7:45  Probe (Chrono Boost)  
  89  7:47  Probe (Chrono Boost)  
  91  7:52  Probe (Chrono Boost)  
  91  7:53  Sentry  
  91  7:54  Resonating Glaives  
  91  7:58  Probe (Chrono Boost)  
  94  7:59  Pylon  
  94  8:01  Pylon, Probe (Chrono Boost)  
  94  8:04  Pylon, Disruptor  
  93  8:10  Probe (Chrono Boost)  
  93  8:11  Probe (Chrono Boost)  
  93  8:12  Stalker  
  100  8:18  Stalker x2  
  100  8:19  Stalker  
  106  8:24  Assimilator  
  106  8:28  Assimilator  
  106  8:30  Adept  
  109  8:36  Probe (Chrono Boost)  
  109  8:38  Gateway  
  109  8:39  Probe (Chrono Boost), Dark Shrine  
  109  8:40  Photon Cannon  
  110  8:46  Stalker x3  
  116  8:56  Stalker x2  
  120  9:05  Protoss Ground Armor Level 2  
  118  9:13  Probe (Chrono Boost)  
  120  9:17  Probe (Chrono Boost)  
  120  9:18  Adept x2  
  120  9:22  Pylon  
  124  9:25  Pylon  
  124  9:26  Pylon  
  123  9:33  Probe (Chrono Boost)  
  123  9:34  Disruptor  
  124  9:43  Adept x2  
  124  9:44  Adept x3  
  129  9:47  Probe (Chrono Boost)  
  129  9:51  Pylon  
  128  9:52  Pylon  
  128  9:57  Gateway  
  116  10:04  Gateway  
  116  10:06  Disruptor  
  116  10:11  Stalker x3  
  116  10:12  Stalker x2  
  129  10:26  Probe x3 (Chrono Boost)  
  130  10:37  Disruptor  
  130  10:38  Probe (Chrono Boost)  
  130  10:41  Probe (Chrono Boost)  
  124  10:43  Probe (Chrono Boost)  
  124  10:45  Dark Templar x3  
  130  10:53  Nexus  
  130  10:55  Pylon  
  130  10:56  Stalker x2  
  134  11:00  Probe (Chrono Boost)  
  134  11:01  Probe (Chrono Boost)  
  136  11:05  Photon Cannon  
  136  11:09  Photon Cannon  
  136  11:12  Pylon  
  136  11:17  Disruptor, Adept  
  136  11:18  Adept x2  
  133  11:34  Stalker x3  
  135  11:49  Disruptor  
  135  11:52  Adept x2  
  135  11:53  Adept x2  
  125  11:56  Protoss Ground Armor Level 3  
  120  12:05  Stalker x3  
  120  12:06  Stalker  
  129  12:10  Probe (Chrono Boost)  
  129  12:13  Assimilator  
  130  12:15  Probe (Chrono Boost)  
  129  12:23  Probe (Chrono Boost)  
  129  12:36  Dark Templar x3  
  135  12:41  Stalker x2  
  135  12:42  Stalker x3  
  144  12:46  Probe (Chrono Boost)  
  140  12:52  Disruptor  
  133  13:14  Nexus  
  133  13:16  Stalker  
  133  13:17  Stalker x4  
  136  13:35  Probe (Chrono Boost)  
  125  13:57  Disruptor  
  114  14:05  Stalker x6  
  127  14:10  Probe (Chrono Boost)  
  127  14:15  Pylon  
  127  14:26  Nexus  
  127  14:28  Pylon  
Tags
 
Add a new tag
Caveats
  • Supply blocks, unpowered buildings, or Contaminate may cause inaccurate times.
  • Supply counts are checked every 10 seconds.